 Dungeon Crawl Stone Soup version 0.29.1-15-g9cfb28693d (webtiles) character file.

Game seed: 9621220101802316327

6988 Renzlar the Blocker (level 11, -9/89 HPs)
             Began as a Gnoll Fighter on Apr 9, 2023.
             Was a Priest of Okawaru.
             Killed by divine providence
             ... invoked by an orc priest
              (16 damage)
             ... on level 9 of the Dungeon.
             The game lasted 00:41:24 (10369 turns).

Renzlar the Blocker (Gnoll Fighter)                Turns: 10369, Time: 00:41:24

Health: -9/89      AC: 21    Str: 23    XL:     11   Next: 8%
Magic:  18/18      EV: 11    Int:  8    God:    Okawaru [***...]
Gold:   520        SH:  7    Dex: 20    Spells: 22/22 levels left

rFire   . . .      SeeInvis +   a - +0 war axe
rCold   . . .      Faith    .   h - +0 buckler
rNeg    . . .      Spirit   .   A - +5 chain mail of Zoigiucs {Harm rCorr Dex+4}
rPois   .          Reflect  .   f - +0 helmet
rElec   .          Harm     +   N - +1 cloak
rCorr   +          Rampage  .   H - +0 pair of gloves
Will    +....                   (no boots)
Stlth   +.........              I - amulet of regeneration
HPRegen 1.04/turn               e - +6 ring of strength
MPRegen 0.16/turn               s - ring of willpower

@: no status effects
A: fangs 1, strong nose, distributed training, see invisible, agile 1, low MP 1,
mutation resistance 1
a: Renounce Religion, Heroism


You were on level 9 of the Dungeon.
You worshipped Okawaru.
Okawaru was most pleased with you.
You visited 2 branches of the dungeon, and saw 10 of its levels.
You also visited: Sewer and Bailey.

You collected 520 gold pieces.

Inventory:

Hand Weapons
 a - a +0 war axe (weapon)
 c - a +0 sling
 d - a +3 spear
 p - a +1 dagger of venom
Missiles
 k - 45 poisoned darts
 G - a curare-tipped dart (quivered)
 O - a throwing net
Armour
 b - a +1 scale mail
 f - a +0 helmet (worn)
 h - a +0 buckler (worn)
 n - the +3 scale mail of Day {rC- rN++ Dex+4 Stlth+}
   (You found it on level 5 of the Dungeon)

   Dex:       It affects your dexterity (+4).
   rC:        It makes you vulnerable to cold.
   rN:        It greatly protects you from negative energy.
   Stlth:     It makes you more stealthy.
 A - the +5 chain mail of Zoigiucs (worn) {Harm rCorr Dex+4}
   (You found it on level 5 of the Dungeon)

   Dex:       It affects your dexterity (+4).
   rCorr:     It protects you from acid and corrosion.
   Harm:      It increases damage dealt and taken.
 H - a +0 pair of gloves (worn)
 L - a +2 scale mail of poison resistance
 N - a +1 cloak (worn)
Jewellery
 e - a +6 ring of strength (left hand)
 i - a ring of positive energy
 l - an amulet of reflection
 m - a ring of magical power
 s - a ring of willpower (right hand)
 u - a ring of fire
 I - an amulet of regeneration (around neck)
Wands
 o - a wand of acid (7)
 y - a wand of flame (8)
 M - a wand of roots (7)
Scrolls
 r - 2 scrolls of blinking
 t - 2 scrolls of enchant armour
 w - a scroll of teleportation
 B - a scroll of amnesia
 D - a scroll of magic mapping
Potions
 g - 2 potions of resistance
 j - 2 potions of heal wounds
 q - a potion of berserk rage {unknown}
 v - 2 potions of flight {unknown}
 x - 3 potions of magic
 z - a potion of degeneration {unknown}
 C - a potion of lignification {unknown}
 E - 7 potions of haste
 F - a potion of invisibility
 J - 2 potions of curing
 K - 5 potions of might


   Skills:
 + Level 9.1 Fighting
 + Level 6.1 Short Blades
 + Level 6.1 Long Blades
 + Level 7.7 Axes
 + Level 6.1 Maces & Flails
 + Level 6.1 Polearms
 + Level 6.1 Staves
 + Level 6.1 Ranged Weapons
 + Level 6.1 Throwing
 + Level 9.1 Armour
 + Level 6.1 Dodging
 + Level 6.1 Stealth
 + Level 9.1 Shields
 + Level 6.1 Unarmed Combat
 + Level 6.1 Spellcasting
 + Level 5.1 Conjurations
 + Level 5.1 Hexes
 + Level 5.1 Summonings
 + Level 5.1 Necromancy
 + Level 5.1 Translocations
 + Level 5.1 Transmutations
 + Level 5.1 Fire Magic
 + Level 5.1 Ice Magic
 + Level 5.1 Air Magic
 + Level 5.1 Earth Magic
 + Level 5.1 Poison Magic
 + Level 6.7 Invocations
 + Level 6.1 Evocations


You had 22 spell levels left.
You didn't know any spells.
Your spell library contained the following spells:

 Spells                   Type           Power      Damage    Failure   Level
 Magic Dart               Conj           40%        1d5       22%         1
 Sublimation of Blood     Necr           10%        N/A       32%         2
 Wereblood                Tmut           10%        N/A       32%         2
 Ignite Poison            Fire/Tmut/Pois 10%        N/A       54%         3
 Mephitic Cloud           Conj/Pois/Air  10%        N/A       54%         3
 Portal Projectile        Hex/Tloc       20%        N/A       54%         3
 Cause Fear               Hex            5%         N/A       91%         4
 Ice Form                 Ice/Tmut       10%        N/A       91%         4
 Freezing Cloud           Conj/Ice/Air   5%         6-21      99%         5
 Eringya's Noxious Bog    Tmut/Pois      5%         N/A       100%        6
 Call Imp                 Summ           Unusable   N/A       N/A         2
 Summon Hydra             Summ           Unusable   N/A       N/A         7

Dungeon Overview and Level Annotations

Branches:
Dungeon (9/15)             Temple (1/1) D:6           Sewer (visited)
 Bailey (visited)
   Lair: D:8-11         Orc: D:9-12

Altars:
Ashenzari
Cheibriados
Dithmenos
Elyvilon
Fedhas
Gozag
Hepliaklqana
Kikubaaqudgha
Makhleb
Nemelex Xobeh
Okawaru
Ru
Sif Muna
Trog
Uskayaw
Vehumet
Wu Jian
Xom
Yredelemnul
The Shining One

Annotations:
D:4 3 runed translucent doors, javelincjr's ghost, amateur DsHW


Innate Abilities, Weirdness & Mutations

You have very sharp teeth.
Your uncanny sense of smell can sniff out nearby items.
Your experience applies equally to all skills.
You have supernaturally acute eyesight. (SInv)
You are agile. (Dex +4, Str/Int -1)
Your magical capacity is low. (-10% MP)
You are somewhat resistant to further mutation.


Message History

Okawaru accepts your kill.
You hit the orc. You block the orc's attack.
You barely miss the orc warrior. You closely miss the orc.
The orc priest invokes the aid of Beogh against you.
Beogh smites you!
The orc priest calls down the wrath of Beogh upon you.
Beogh smites you! You block the orc's attack.
You slice the orc!!
You kill the orc!
Okawaru accepts your kill.
You hit the orc warrior but do no damage.
You hit the orc but do no damage.
The orc priest casts a cantrip, but nothing happens.
The orc hits you but does no damage. You block the orc warrior's attack.
You barely miss the orc priest.
You bite the orc priest, but do no damage.
You hit the orc warrior. You hit the orc.
You kill the orc!
Okawaru accepts your kill.
The orc priest calls down the wrath of Beogh upon you.
Beogh smites you!
* * * LOW HITPOINT WARNING * * *
The orc warrior hits you but does no damage.
You hit the orc priest. You bite the orc priest.
The orc priest is lightly wounded.
You slash the orc warrior! You hit the orc.
The orc priest calls upon Beogh to heal the orc priest.
The orc priest's wounds heal themselves!
The orc priest hits you with a +1 short sword of electrocution.
* * * LOW HITPOINT WARNING * * *
You are electrocuted!
* * * LOW HITPOINT WARNING * * *
You block the orc's attack. The orc warrior barely misses you.
Unknown command.
You barely miss the orc priest. You barely miss the orc warrior.
You hit the orc. You block the orc's attack.
The orc warrior closely misses you.
The orc priest invokes the aid of Beogh against you.
Beogh smites you!
You die...

#.......†....##.....
#.......##########.#
#.(.....# .#
####'#### [# #.#
####'### #......#
#...##.# #.o@# ##
#.oo# #..o. #.....
#...... #.......
#........ #.........


You could see an orc warrior, 2 orc priests and an orc.

Vanquished Creatures
  Pikel (D:7)
  Maurice (D:8)
  A gargoyle (Bailey)
  A hornet (D:8)
  A vampire (Bailey)
  A wyvern (D:9)
  Menkaure (D:4)
  3 water moccasins
  6 orc warriors
  A black bear (D:7)
  A sky beast (D:6)
  2 ice beasts
  2 centaurs (D:8)
  4 ogres
  2 lemures (D:7)
  A phantom (D:4)
  8 kobold brigands
  A necrophage (D:5)
  2 bullfrogs
  6 scorpions
  11 killer bees (D:7)
  4 howler monkeys
  6 wolf zombies (Bailey)
  7 vampire bats (Bailey)
  2 hounds
  2 jellies
  Crazy Yiuf (D:7)
  4 orc priests
  Jessica (D:2)
  2 gnoll boudas (D:8)
  5 iguanas
  9 orc wizards
  A mummy (D:5)
  Robin (D:4)
  8 adders
  13 gnolls (D:8)
  A river rat (D:6)
  2 shadow imps (D:5)
  3 white imps (D:5)
  6 worms
  4 dart slugs
  39 orcs
  12 endoplasms
  4 giant cockroaches
  21 goblins
  13 hobgoblins
  9 jackals
  28 kobolds
  5 quokkas
  5 ball pythons
  11 bats
  3 frilled lizards (D:2)
  22 orc zombies (Bailey)
  11 rats
322 creatures vanquished.

Vanquished Creatures (others)
  12 fungi
  13 plants
25 creatures vanquished.

Grand Total: 347 creatures vanquished

Notes
Turn   | Place    | Note
-------+----------+-------------------------------------------
     0 | D:1      | Renzlar the Gnoll Fighter began the quest for the Orb.
     0 | D:1      | Reached XP level 1. HP: 23/23 MP: 1/1
   216 | D:1      | Reached XP level 2. HP: 26/29 MP: 2/2
   547 | D:1      | Reached XP level 3. HP: 35/35 MP: 3/3
   836 | D:1      | Reached skill level 1 in Invocations
   919 | D:2      | Reached skill level 1 in Short Blades
   919 | D:2      | Reached skill level 1 in Long Blades
   919 | D:2      | Reached skill level 1 in Maces & Flails
   919 | D:2      | Reached skill level 1 in Polearms
   919 | D:2      | Reached skill level 1 in Staves
   919 | D:2      | Reached skill level 1 in Ranged Weapons
   919 | D:2      | Reached skill level 1 in Throwing
   919 | D:2      | Reached skill level 1 in Dodging
   919 | D:2      | Reached skill level 1 in Stealth
   919 | D:2      | Reached skill level 1 in Unarmed Combat
   919 | D:2      | Reached skill level 1 in Spellcasting
   919 | D:2      | Reached skill level 1 in Evocations
   988 | D:2      | Noticed Jessica
   997 | D:2      | Killed Jessica
   998 | D:2      | Reached skill level 1 in Conjurations
   998 | D:2      | Reached skill level 1 in Hexes
   998 | D:2      | Reached skill level 1 in Summonings
   998 | D:2      | Reached skill level 1 in Necromancy
   998 | D:2      | Reached skill level 1 in Translocations
   998 | D:2      | Reached skill level 1 in Transmutations
   998 | D:2      | Reached skill level 1 in Fire Magic
   998 | D:2      | Reached skill level 1 in Ice Magic
   998 | D:2      | Reached skill level 1 in Air Magic
   998 | D:2      | Reached skill level 1 in Earth Magic
   998 | D:2      | Reached skill level 1 in Poison Magic
   998 | D:2      | Reached XP level 4. HP: 34/41 MP: 5/5
  1364 | D:2      | Reached XP level 5. HP: 41/47 MP: 7/7
  1905 | D:3      | Found a faded altar of an unknown god.
  2440 | D:4      | Noticed Menkaure
  2447 | D:4      | Killed Menkaure
  2448 | D:4      | Reached skill level 5 in Axes
  2448 | D:4      | Reached XP level 6. HP: 49/53 MP: 8/8
  2493 | D:4      | Found a shimmering altar of Xom.
  2700 | D:4      | Noticed Robin
  2726 | D:4      | Killed Robin
  2986 | D:4      | Found a runed translucent gate.
  2988 | D:4      | Found a runed translucent gate.
  2989 | D:4      | Found a runed translucent gate.
  2990 | D:4      | Found an opulent altar of Gozag.
  2992 | D:4      | Noticed javelincjr's ghost (amateur DsHW)
  3327 | D:4      | Reached XP level 7. HP: 57/60 MP: 10/10
  3501 | D:5      | Entered Level 5 of the Dungeon
  3754 | D:5      | Reached XP level 8. HP: 43/67 MP: 12/12
  4349 | D:5      | Identified the +5 chain mail of Zoigiucs {Harm rCorr Dex+4}
  4429 | D:5      | Identified the +3 scale mail of Day {rC- rN++ Dex+4 Stlth+}
  4795 | D:5      | Found a snail-covered altar of Cheibriados.
  5243 | D:6      | Found a glowing drain.
  5247 | Sewer    | Entered a sewer
  5505 | Sewer    | Reached XP level 9. HP: 61/73 MP: 14/14
  5701 | D:6      | Gained mutation: Your flesh is cold resistant. (rC+)
                  | [potion of mutation]
  5701 | D:6      | Gained mutation: You are robust. (+10% HP) [potion of
                  | mutation]
  5702 | D:6      | Lost mutation: Your flesh is cold resistant. (rC+) [potion
                  | of mutation]
  5702 | D:6      | Lost mutation: You are robust. (+10% HP) [potion of
                  | mutation]
  5702 | D:6      | Gained mutation: You are agile. (Dex +4, Str/Int -1)
                  | [potion of mutation]
  5702 | D:6      | Gained mutation: You have hidden genetic potential. [potion
                  | of mutation]
  5703 | D:6      | Lost mutation: You are agile. (Dex +4, Str/Int -1) [potion
                  | of mutation]
  5703 | D:6      | Lost mutation: You have hidden genetic potential. [potion
                  | of mutation]
  5703 | D:6      | Gained mutation: You have supernaturally acute eyesight.
                  | (SInv) [potion of mutation]
  5703 | D:6      | Gained mutation: Your magical capacity is low. (-10% MP)
                  | [potion of mutation]
  5703 | D:6      | Gained mutation: You are agile. (Dex +4, Str/Int -1)
                  | [potion of mutation]
  5703 | D:6      | Gained mutation: You are somewhat resistant to further
                  | mutation. [potion of mutation]
  5842 | D:6      | Found a staircase to the Ecumenical Temple.
  5993 | Temple   | Entered the Ecumenical Temple
  6044 | Temple   | Became a worshipper of Warmaster Okawaru
  6538 | D:7      | Reached skill level 5 in Invocations
  6789 | D:7      | Found an ancient bone altar of Kikubaaqudgha.
  6789 | D:7      | Found a hazy altar of Hepliaklqana.
  6789 | D:7      | Found an ornate altar of the Wu Jian Council.
  6792 | D:7      | Found a radiant altar of Vehumet.
  6888 | D:7      | Found a runed translucent door.
  6889 | D:7      | Noticed Crazy Yiuf
  6896 | D:7      | Killed Crazy Yiuf
  6896 | D:7      | Reached * piety under Okawaru
  7049 | D:7      | Found a sacrificial altar of Ru.
  7095 | D:7      | Found a shadowy altar of Dithmenos.
  7096 | D:7      | Noticed Pikel
  7115 | D:7      | Killed Pikel
  7116 | D:7      | Reached skill level 5 in Short Blades
  7116 | D:7      | Reached skill level 5 in Long Blades
  7116 | D:7      | Reached skill level 5 in Maces & Flails
  7116 | D:7      | Reached skill level 5 in Polearms
  7116 | D:7      | Reached skill level 5 in Staves
  7116 | D:7      | Reached skill level 5 in Ranged Weapons
  7116 | D:7      | Reached skill level 5 in Throwing
  7116 | D:7      | Reached skill level 5 in Dodging
  7116 | D:7      | Reached skill level 5 in Stealth
  7116 | D:7      | Reached skill level 5 in Unarmed Combat
  7116 | D:7      | Reached skill level 5 in Spellcasting
  7116 | D:7      | Reached skill level 5 in Evocations
  7116 | D:7      | Reached XP level 10. HP: 76/82 MP: 15/15
  7529 | D:8      | Found a sparkling altar of Nemelex Xobeh.
  7547 | D:8      | Found a flagged portal.
  7556 | Bailey   | Entered a bailey
  8217 | Bailey   | Noticed a gargoyle
  8227 | Bailey   | Killed a gargoyle
  8601 | Bailey   | Got the Precepts of Reshaped Interference
  8757 | D:8      | Reached ** piety under Okawaru
  9168 | D:8      | Noticed Maurice
  9187 | D:8      | Killed Maurice
  9512 | D:8      | Found a white marble altar of Elyvilon.
 10077 | D:8      | Reached skill level 5 in Conjurations
 10077 | D:8      | Reached skill level 5 in Hexes
 10077 | D:8      | Reached skill level 5 in Summonings
 10077 | D:8      | Reached skill level 5 in Necromancy
 10077 | D:8      | Reached skill level 5 in Translocations
 10077 | D:8      | Reached skill level 5 in Transmutations
 10077 | D:8      | Reached skill level 5 in Fire Magic
 10077 | D:8      | Reached skill level 5 in Ice Magic
 10077 | D:8      | Reached skill level 5 in Air Magic
 10077 | D:8      | Reached skill level 5 in Earth Magic
 10077 | D:8      | Reached skill level 5 in Poison Magic
 10102 | D:8      | Reached XP level 11. HP: 89/89 MP: 18/18
 10188 | D:8      | Reached *** piety under Okawaru
 10369 | D:9      | Killed from afar by an orc priest

Illustrated notes

Levels and vault maps discovered:
D:1:      psy_arrival_statuary, layout_loops_ring
D:2:      layout_loops_ring, st_stairs_7, columned_hall_lemuel,
          minmay_tree_intersection, minmay_increasing_density, uniq_jessica
D:3:      layout_basic, chequers_ecumenical_altar_simple
D:4:      minmay_clustersquares, layout_basic, amcnicky_altar_gilded,
          ebering_ghost_gozag, uniq_menkaure, uniq_robin
D:5:      layout_loops_ring, chei_slow_surprise, serial_glass, glass_columns_a,
          glass_columns_a, minmay_misc_feat_alley
D:6:      layout_rooms, minmay_temple_entry_butterflies, gup_sewer_entry_bowl
D:7:      layout_loops_cross, nicolae_dithmenos_shadow_blocks, kennysheep_mini,
          minitemple, uniq_crazy_yiuf_cottage, uniq_pikel
D:8:      kennysheep_seaside_town, layout_loops_ring, kennysheep_mini_moat,
          mainiacjoe_overflow_cross_hatched, enter_bailey_8, hex_medium,
          uniq_maurice
D:9:      layout_roguey, hiddenorc1_lemuel, minmay_fractal_squares_5
Temple:   eino_wide_crystal_templ

Skill      XL: |  1  2  3  4  5  6  7  8  9 10 |
---------------+-------------------------------+-----
Invocations    | 1 2 3 4 5 6 |  6.7
Short Blades   | 1 2 3 5 6 |  6.1
Long Blades    | 1 2 3 5 6 |  6.1
Maces & Flails | 1 2 3 5 6 |  6.1
Polearms       | 1 2 3 5 6 |  6.1
Staves         | 1 2 3 5 6 |  6.1
Ranged Weapons | 1 2 3 5 6 |  6.1
Throwing       | 1 2 3 5 6 |  6.1
Dodging        | 1 2 3 5 6 |  6.1
Stealth        | 1 2 3 5 6 |  6.1
Unarmed Combat | 1 2 3 5 6 |  6.1
Spellcasting   | 1 2 3 5 6 |  6.1
Evocations     | 1 2 3 5 6 |  6.1
Conjurations   | 1 2 3 4 5 |  5.1
Hexes          | 1 2 3 4 5 |  5.1
Summonings     | 1 2 3 4 5 |  5.1
Necromancy     | 1 2 3 4 5 |  5.1
Translocations | 1 2 3 4 5 |  5.1
Transmutations | 1 2 3 4 5 |  5.1
Fire Magic     | 1 2 3 4 5 |  5.1
Ice Magic      | 1 2 3 4 5 |  5.1
Air Magic      | 1 2 3 4 5 |  5.1
Earth Magic    | 1 2 3 4 5 |  5.1
Poison Magic   | 1 2 3 4 5 |  5.1
Axes           | 5 6 7 |  7.7
Fighting       | 7 8 9 |  9.1
Armour         | 7 8 9 |  9.1
Shields        | 7 8 9 |  9.1

Action                   |  1- 3 |  4- 6 |  7- 9 | 10-12 || total
-------------------------+-------+-------+-------+-------++-------
Melee: War axe           |    81 |   157 |   322 |   286 ||   846
       Bite              |     8 |    12 |    34 |    45 ||    99
       Spear             |       |       |       |   134 ||   134
 Fire: Sling             |       |    16 |   103 |    48 ||   167
Throw: Boomerang         |       |     8 |       |       ||     8
       Dart              |       |       |       |     1 ||     1
Invok: Heroism           |       |       |       |     3 ||     3
  Use: Scroll            |     3 |     5 |     4 |     2 ||    14
       Potion            |       |       |     5 |     5 ||    10
Armor: Scale mail        |    38 |    60 |    32 |       ||   130
       Chain mail        |       |       |   126 |   141 ||   267
Dodge: Dodged            |    29 |    50 |   105 |   180 ||   364
Block: Buckler           |    19 |    71 |   219 |   208 ||   517
       Reflection        |       |     4 |     6 |       ||    10
